 Dungeon Crawl Stone Soup version 0.19.0-2-gae57169 (webtiles) character file.

150 Firecrotchwizard the Skirmisher (level 5, 0/47 HPs)
             Began as a Minotaur Fighter on Nov 4, 2016.
             Slain by a gnoll
             ... wielding a +0 spear
              (5 damage)
             ... on level 3 of the Dungeon.
             The game lasted 00:03:50 (1273 turns).

Firecrotchwizard the Skirmisher (Minotaur Fighter)  Turns: 1273, Time: 00:03:51

Health: 0/47       AC:  7    Str: 21    XL:     5   Next: 10%
Magic:  4/4        EV:  8    Int:  5    God:
Gold:   147        SH:  9    Dex: 10    Spells: 0 memorised, 4 levels left

rFire  . . .     SeeInvis .     a - +0 flail
rCold  . . .     Gourm    .     b - +0 scale mail
rNeg   . . .     Faith    .     c - +0 shield
rPois  .         Spirit   .     (helmet restricted)
rElec  .         Reflect  .     (no cloak)
rCorr  .         Harm     .     (no gloves)
MR     .....                    (no boots)
Stlth  ..........               (no amulet)
                                (no ring)
                                (no ring)

@: no status effects
A: retaliatory headbutt, horns 2
a: no special abilities


You were on level 3 of the Dungeon.
You were very hungry.

You visited 1 branch of the dungeon, and saw 3 of its levels.

You collected 147 gold pieces.

Inventory:

Hand Weapons
 a - a +0 flail (weapon)
Armour
 b - a +0 scale mail (worn)
 c - a +0 shield (worn)
Scrolls
 e - 3 scrolls of teleportation {unknown}
 g - 6 scrolls of identify {unknown}
 i - a scroll of enchant weapon {unknown}
 j - 2 scrolls of remove curse {unknown}
Potions
 d - a potion of might
 h - 2 potions of cure mutation {unknown}
 k - 2 potions of curing {unknown}
 l - a potion of heal wounds {unknown}
 m - a potion of mutation {unknown}
Comestibles
 f - 2 bread rations


   Skills:
 * Level 4.6 Fighting
 * Level 4.1 Maces & Flails
 + Level 4.6 Armour
 + Level 1.2 Dodging
 + Level 4.1 Shields


You had 4 spell levels left.
You didn't know any spells.

Dungeon Overview and Level Annotations

Branches:
Dungeon (3/15)

Altars:
Sif Muna


Innate Abilities, Weirdness & Mutations

You reflexively headbutt those who attack you in melee.
You have a pair of horns on your head.


Message History

The gnoll barely misses you. You block the gnoll's attack.
The gnoll hits you with a spear.
You barely miss the gnoll. The gnoll closely misses you.
The gnoll hits you with a spear.
The gnoll hits you from afar with a spear.
You block the gnoll's attack.
You sock the gnoll!
You kill the gnoll!
The gnoll barely misses you.
The gnoll hits you from afar with a halberd!
* * * LOW HITPOINT WARNING * * *
The gnoll hits you with a spear.
* * * LOW HITPOINT WARNING * * *
You block the gnoll's attack.
Things that are here:
a spear; a gnoll corpse You closely miss the gnoll.
You headbutt the gnoll, but do no damage.
You block the goblin's attack. The gnoll hits you with a spear.
You die...

#.#.###.# ###.......#
###[........#
#.8.........#
#..........##
#####..†<.8....#
#...........####
#.....8.......#
#.....#...###@##
#.....#.....ggg#
#.....#.#####..########
#.... #.# #....ggg..#
#.... #.# ###)#####.#
#... #.# ... #.# #...#
#.... #...##


You could see 2 gnolls and a goblin.

Vanquished Creatures
  Ijyb (D:2)
  Robin (D:2)
  3 gnolls
  2 adders
  3 oozes
  A dart slug (D:3)
  A leopard gecko (D:2)
  9 goblins
  8 hobgoblins
  4 jackals (D:1)
  2 quokkas (D:2)
  A ball python (D:2)
  4 bats
  5 frilled lizards
  3 kobolds
  5 rats
53 creatures vanquished.

Notes
Turn   | Place    | Note
-------+----------+-------------------------------------------
     0 | D:1      | Firecrotchwizard the Minotaur Fighter began the quest for the Orb.
     0 | D:1      | Reached XP level 1. HP: 19/19 MP: 0/0
   115 | D:1      | Reached XP level 2. HP: 27/27 MP: 1/1
   471 | D:1      | Reached XP level 3. HP: 30/33 MP: 2/2
   615 | D:2      | Noticed Ijyb
   623 | D:2      | Killed Ijyb
   623 | D:2      | Reached XP level 4. HP: 36/41 MP: 3/3
   779 | D:2      | Noticed Robin
   800 | D:2      | Killed Robin
   800 | D:2      | Reached skill level 1 in Dodging
  1012 | D:2      | Found a deep blue altar of Sif Muna.
  1166 | D:2      | You fall through a shaft!
  1257 | D:3      | Reached XP level 5. HP: 25/47 MP: 4/4
  1273 | D:3      | Slain by a gnoll

Skill      XL: |  1  2  3  4 |
---------------+-------------+-----
Maces & Flails | 3 4 |  4.1
Fighting       | 4 |  4.6
Armour         | 4 |  4.6
Shields        | 4 |  4.1
Dodging        | 1 |  1.2

Action                   |  1- 3 |  4- 6 || total
-------------------------+-------+-------++-------
Melee: Flail             |    70 |    67 ||   137
       Headbutt          |    13 |     8 ||    21
Armor: Scale mail        |    41 |    36 ||    77
Dodge: Dodged            |    26 |    22 ||    48
Block: Shield            |    39 |    43 ||    82
